 Dungeon Crawl Stone Soup version 0.18-a0-1773-gec4f98e (webtiles) character file.

22 epen the Skirmisher (level 2, -1/28 HPs)
             Began as a Naga Abyssal Knight on Apr 14, 2016.
             Was a Follower of Lugonu.
             Slain by a gnoll
             ... wielding a +0 whip
              (3 damage)
             ... on level 1 of the Dungeon.
             The game lasted 00:01:35 (794 turns).

epen the Skirmisher (Naga Abyssal Knight)            Turns: 794, Time: 00:01:36

Health: -1/28      AC:  2    Str: 14    XL:     2   Next: 91%
Magic:  4/4        EV:  9    Int: 12    God:    Lugonu [*.....]
Gold:   49         SH:  0    Dex: 10    Spells: 0 memorised, 1 level left

rFire  . . .     SeeInvis +     a - +1 falchion
rCold  . . .     Gourm    .     b - +0 leather armour
rNeg   . . .     Faith    .     (no shield)
rPois  +         Spirit   .     (no helmet)
rElec  .         Dismiss  .     (no cloak)
rCorr  .         Reflect  .     (no gloves)
SustAt .         Harm     .     (no barding)
MR     .....                    (no amulet)
Stlth  +.........               (no ring)
                                (no ring)

@: very slow, not resistant to hostile enchantments, very unstealthy
A: see invisible, deformed body, poison resistance, slowness 2, slow metabolism
1, spit poison 2, AC +0
a: Spit Poison, Depart the Abyss, Renounce Religion


You were on level 1 of the Dungeon.
You worshipped Lugonu.
Lugonu was aware of your devotion.
You were not hungry.

You visited 1 branch of the dungeon, and saw 1 of its levels.
You visited the Abyss 1 time.

You collected 49 gold pieces.

Inventory:

Hand Weapons
 a - a +1 falchion (weapon)
Armour
 b - a +0 leather armour (worn)
Scrolls
 e - a scroll of identify {unknown}
 f - a scroll of magic mapping {unknown}
Comestibles
 c - 4 bread rations
 d - a meat ration


   Skills:
 - Level 3.0 Fighting
 * Level 2.6 Long Blades
 - Level 1.5 Armour
 + Level 1.0 Dodging
 * Level 2.7 Invocations


You had one spell level left.
You didn't know any spells.

Dungeon Overview and Level Annotations

Branches:
Dungeon (1/15)

Altars:


Innate Abilities, Weirdness & Mutations

You cannot wear boots.
Your serpentine skin is tough (AC +0).
You have supernaturally acute eyesight.
Armour fits poorly on your strangely shaped body.
Your system is resistant to poisons.
You cover ground very slowly.
You have a slow metabolism.
You can spit poison.


Message History

The gnoll is severely wounded.
The gnoll hits you with a whip.
You hit the gnoll but do no damage.
The gnoll is severely wounded.
The gnoll hits you with a whip!
* * * LOW HITPOINT WARNING * * *
You are too injured to fight recklessly!
You hit the gnoll.
The gnoll is almost dead.
The gnoll barely misses you.
You hit the gnoll but do no damage.
The gnoll is almost dead.
The gnoll closely misses you.
You closely miss the gnoll.
The gnoll is almost dead.
The gnoll barely misses you.
You barely miss the gnoll.
The gnoll is almost dead.
The gnoll hits you with a whip.
You die...

....## ......
...)###.... ...... .
......... ......
#.##.....#.. ......
... ......## ........
###.##...#..#
.........#......[....
...........#.##g..#
............).#.@.#
........ #....†###
.......
###........... ......
##...#.#.###.##
.....#####..###.#..#
.....#.....## #......
###..#.##### #.......
##..##.# #.......
#...##.######
#.......#


You could see a gnoll.

Vanquished Creatures
  An ooze (D:1)
  2 dart slugs (D:1)
  4 bats (D:1)
  3 hobgoblins (D:1)
  A kobold (D:1)
  A giant newt (D:1)
  2 rats (D:1)
14 creatures vanquished.

Vanquished Creatures (others)
  2 starspawn tentacles (Abyss:1)
  2 starspawn tentacle segments (Abyss:1)
4 creatures vanquished.

Grand Total: 18 creatures vanquished

Notes
Turn   | Place    | Note
--------------------------------------------------------------
     0 | Abyss:1  | epen the Naga Abyssal Knight began the quest for the Orb.
     0 | Abyss:1  | Reached XP level 1. HP: 21/21 MP: 2/2
    78 | Abyss:1  | Noticed a tentacled starspawn
    81 | Abyss:1  | Noticed a neqoxec
    86 | Abyss:1  | Noticed an ancient zyme
    86 | D:1      | Escaped the Abyss
   577 | D:1      | Reached XP level 2. HP: 28/28 MP: 3/3
   601 | D:1      | Reached * piety under Lugonu
   778 | D:1      | Reached skill level 1 in Dodging
   794 | D:1      | Slain by a gnoll

Vault maps used:
D:1:      nagdon_arrival_double_spiral

Skill      XL: |  1  2 |
---------------+-------+-----
Dodging        | 1 |  1.0
Fighting       | |  3.0
Long Blades    | |  2.6
Armour         | |  1.5
Invocations    | |  2.7

Action                   || total
-------------------------++-------
Melee: Falchion          ||    47
Invok: Depart the Abyss  ||     1
Armor: Leather armour    ||    13
Dodge: Dodged            ||    27
